 Dungeon Crawl Stone Soup version 0.29.1-12-g30fa7ad0bf (webtiles) character file.

Game seed: 16862606135279787595

37159 IcyTea the Skirmisher (level 13, -3/90 HPs)
             Began as a Demonspawn Hunter on Dec 23, 2022.
             Was a High Priest of Hepliaklqana.
             Slain by a two-headed ogre
             ... wielding a +0 giant club
              (10 damage)
             ... on level 15 of the Dungeon.
             The game lasted 01:19:17 (10161 turns).

IcyTea the Skirmisher (Demonspawn Hunter)          Turns: 10161, Time: 01:19:18

Health: -3/90      AC: 19    Str: 18      XL:     13   Next: 56%
Magic:  0/21       EV: 12    Int: 11 (12) God:    Hepliaklqana [*****.]
Gold:   578        SH:  0    Dex: 19      Spells: 16/22 levels left

rFire   + . .      SeeInvis +   a - +4 shortbow (flame)
rCold   . . .      Faith    .   (shield currently unavailable)
rNeg    . . .      Spirit   +   K - +2 troll leather armour
rPois   +          Reflect  .   (helmet restricted)
rElec   .          Harm     .   w - +1 cloak
rCorr   .          Rampage  .   A - +2 pair of gloves
Will    .....                   g - +2 pair of boots
Stlth   ++........              o - amulet of regeneration
HPRegen 1.85/turn               d - +4 ring of slaying
MPRegen 0.34/turn               n - ring "Ynuorghinn" {rPois rF+ Str+7 Dex-2 SInv}

@: mighty, very slightly contaminated
A: reduced essence, horns 1, yellow scales 2, powered by pain 1, magic shield,
magic regeneration, magic link, deterioration 1, poison resistance
a: Renounce Religion, Recall Ancestor, Ancestor Identity, Transference, Idealise


You were on level 15 of the Dungeon.
You worshipped Hepliaklqana.
Hepliaklqana was extremely pleased with you.
You visited 2 branches of the dungeon, and saw 16 of its levels.
You also visited: Ossuary.

You collected 957 gold pieces.
You spent 379 gold pieces at shops.

Inventory:

Hand Weapons
 a - a +4 shortbow of flaming (weapon)
 b - the +8 great sword "Nacul Tem" {venom, rC+}
   (You found it on level 13 of the Dungeon)

   It poisons the flesh of those it strikes.
   rC:        It protects you from cold.
 S - a +0 shortbow of freezing
Missiles
 y - a throwing net
 E - a datura-tipped dart
Armour
 g - a +2 pair of boots (worn)
 w - a +1 cloak (worn)
 A - a +2 pair of gloves (worn)
 K - a +2 troll leather armour (worn)
Jewellery
 d - a +4 ring of slaying (left hand)
 n - the ring "Ynuorghinn" (right hand) {rPois rF+ Str+7 Dex-2 SInv}
   (You took it off a wizard on level 9 of the Dungeon)

   [ring of protection from fire]

   Str:       It affects your strength (+7).
   Dex:       It affects your dexterity (-2).
   rF:        It protects you from fire.
   rPois:     It protects you from poison.
   SInv:      It lets you see invisible.
 o - an amulet of regeneration (around neck)
 x - the ring "Zutreure" {Fire rCorr Str+5 Dex-4 Stlth+}
   (You found it on level 9 of the Dungeon)

   [ring of fire]

   It enhances your fire magic.
   Str:       It affects your strength (+5).
   Dex:       It affects your dexterity (-4).
   rF:        It protects you from fire.
   rC:        It makes you vulnerable to cold.
   rCorr:     It protects you from acid and corrosion.
   Stlth:     It makes you more stealthy.
 C - an amulet of faith
 F - the ring of Voixis {Fire Str+3 Dex+3}
   (You took it off a wizard on level 9 of the Dungeon)

   [ring of fire]

   It enhances your fire magic.
   Str:       It affects your strength (+3).
   Dex:       It affects your dexterity (+3).
   rF:        It protects you from fire.
   rC:        It makes you vulnerable to cold.
 G - a ring of ice
 I - a +4 ring of protection
 M - the ring of Reantiteho {*Slow Fly Int+6 Stlth+}
   (You found it on level 9 of the Dungeon)

   [ring of intelligence]

   Int:       It affects your intelligence (+6).
   Fly:       It grants you flight.
   *Slow:     It may slow you when you take damage.
   Stlth:     It makes you more stealthy.
Wands
 k - a wand of flame (21)
 m - a wand of polymorph (9)
 L - a wand of paralysis (5)
 O - a wand of roots (10)
Scrolls
 i - 3 scrolls of brand weapon
 q - 3 scrolls of amnesia
 s - a scroll of torment
 t - 15 scrolls of teleportation
 v - 4 scrolls of vulnerability
 B - a scroll of magic mapping
 D - a scroll of blinking
 R - a scroll of silence
Potions
 c - 3 potions of might
 e - 3 potions of flight
 f - 13 potions of curing
 h - a potion of ambrosia
 j - 3 potions of berserk rage
 l - 5 potions of lignification
 p - a potion of heal wounds
 r - a potion of cancellation
 u - 2 potions of attraction {unknown}
 z - 2 potions of resistance
 H - 2 potions of haste
 J - a potion of brilliance {unknown}
 P - 2 potions of magic {unknown}
Miscellaneous
 N - a phial of floods
 Q - a piece from Xom's chessboard (15/15)
 U - a tin of tremorstones (2/2)


   Skills:
 + Level 9.1 Fighting
 - Level 3.2 Long Blades
 * Level 13.7 Ranged Weapons
 - Level 9.0 Armour
 - Level 2.0 Dodging
 - Level 2.0 Stealth
 - Level 5.3 Spellcasting
 - Level 5.0 Translocations
 - Level 9.0 Poison Magic
 - Level 8.1 Invocations


You had 16 spell levels left.
You knew the following spells:

 Your Spells              Type           Power      Damage    Failure   Level
a - Blink                 Tloc           28%        N/A       4%          2
b - Olgreb's Toxic Radia  Pois           22%        N/A       6%          4

Your spell library contained the following spells:

 Spells                   Type           Power      Damage    Failure   Level
 Sting                    Tmut/Pois      48%        1d5       3%          1
 Poisonous Vapours        Pois/Air       24%        N/A       5%          2
 Gell's Gravitas          Tloc           14%        N/A       9%          3
 Lesser Beckoning         Tloc           14%        N/A       9%          3
 Teleport Other           Tloc           14%        N/A       9%          3
 Mephitic Cloud           Conj/Pois/Air  9%         N/A       21%         3
 Magic Dart               Conj           8%         1d3       24%         1
 Slow                     Hex            8%         N/A       24%         1
 Summon Small Mammal      Summ           8%         N/A       24%         1
 Call Imp                 Summ           2%         N/A       34%         2
 Call Canine Familiar     Summ           2%         N/A       56%         3
 Confusing Touch          Hex            2%         N/A       56%         3
 Dazzling Flash           Conj/Hex       4%         N/A       56%         3
 Inner Flame              Hex/Fire       2%         N/A       56%         3
 Summon Guardian Golem    Hex/Summ       2%         N/A       56%         3
 Vampiric Draining        Necr           2%         2d6       56%         3
 Manifold Assault         Tloc           14%        N/A       63%         5
 Airstrike                Air            1%         2d(1-17)  93%         4
 Cause Fear               Hex            1%         N/A       93%         4
 Summon Lightning Spire   Summ/Air       2%         N/A       93%         4
 Agony                    Necr           2%         N/A       100%        5
 Lightning Bolt           Conj/Air       1%         1d12      100%        5
 Silence                  Hex/Air        1%         N/A       100%        5
 Storm Form               Tmut/Air       1%         N/A       100%        7
 Discord                  Hex            1%         N/A       100%        8


Dungeon Overview and Level Annotations

Branches:
Dungeon (15/15)            Temple (1/1) D:4            Lair (0/5) D:9
    Orc (0/2) D:11         Vaults (0/5) D:13        Ossuary (visited)
 Depths: D:15

Altars:
Ashenzari
Cheibriados
Dithmenos
Fedhas
Gozag
Hepliaklqana
Kikubaaqudgha
Makhleb
Nemelex Xobeh
Okawaru
Qazlal
Ru
Sif Muna
Uskayaw
Vehumet
Wu Jian
Yredelemnul

Shops:
D:3 !   D:4 !   D:6 *[   D:10 *

Portals:
Trove: D:13 (give +3 shadow dragon scales)

Annotations:
D:4 2 runed translucent doors
D:14 Azrael


Innate Abilities, Weirdness & Mutations

Your life essence is reduced to manifest your ancestor. (-10% HP)
You have a pair of small horns on your head.
You are mostly covered in yellow scales. (AC +3)
You sometimes gain a little power by taking damage.
When hurt, damage is shared between your health and your magic reserves.
You regenerate magic rapidly.
When low on magic, you restore magic in place of health.
Your body sometimes deteriorates upon taking damage.
Your system is resistant to poisons. (rPois)


Message History

You are very lightly contaminated with residual magic.
Nothing appears to happen.
The two-headed ogre closely misses you.
The two-headed ogre hits you with a +0 giant spiked club.
* * * LOW HITPOINT WARNING * * *
The ogre closely misses you.
Fire: a) +4 shortbow (flame)
Press: ? - help, Q - select action, (/) - cycle Shift-Dir - straight line, f/p - two-headed ogre
Aim: a two-headed ogre, wielding a +0 dire flail and a +0 giant spiked club (almost dead, 84% to hit)
You shoot an arrow.
The arrow completely misses the two-headed ogre.
The two-headed ogre hits you with a +0 giant club.
* * * LOW HITPOINT WARNING * * *
The two-headed ogre barely misses you. The two-headed ogre misses you.
The two-headed ogre barely misses you.
You feel much better. The ogre closely misses you.
The two-headed ogre misses you.
The two-headed ogre hits you with a +0 giant club!
* * * LOW HITPOINT WARNING * * *
Casting: Olgreb's Toxic Radiance (dangerous; 6% risk of failure)
Confirm with . or Enter, or press ? or * to list all spells.
You begin to radiate toxic energy.
The ogre is poisoned.
The two-headed ogre is poisoned. x2
The two-headed ogre hits you with a +0 dire flail!
* * * LOW HITPOINT WARNING * * *
You focus on the pain.
You feel very mighty all of a sudden.
The two-headed ogre hits you with a +0 giant spiked club!
* * * LOW HITPOINT WARNING * * *
The ogre hits you but does no damage.
The two-headed ogre looks even sicker.
Your toxic aura wanes.
Fire: a) +4 shortbow (flame)
Press: ? - help, Q - select action, (/) - cycle Shift-Dir - straight line, f/p - two-headed ogre
Aim: a two-headed ogre, wielding a +0 dire flail and a +0 giant spiked club (almost dead, poisoned, 84% to hit)
You shoot an arrow.
The arrow hits the two-headed ogre but does no damage.
The two-headed ogre is almost dead.
The two-headed ogre closely misses you.
The two-headed ogre hits you with a +0 giant club!
You die...

#................#...#
#................# ..#
###................#
..#
#..................#
.#
#.#...P.P..........#
.#
#...P§..........)..#
#.PP...P.P†........#
#....P.............#
##PPP._§§.§.O@.....#
#PP.....§§...O.......
##......P§.O..<...###.
#...PP.§P))......#
#..P....)........#
##...............#
#...............#
#...............#
#O##..#.........#


You could see 2 two-headed ogres and an ogre (poisoned).

Vanquished Creatures
  An ironbound preserver (D:13)
  A rakshasa (D:15)
  3 boulder beetles
  Fannar (D:10)
  An ogre mage (D:15)
  2 hydras (D:12)
  A catoblepas (D:13)
  5 two-headed ogres
  A tengu warrior (D:12)
  A centaur warrior (D:9)
  A wizard (D:9)
  A deep elf pyromancer (D:12)
  4 cyclopes
  4 manticores
  4 ugly things (D:14)
  A rime drake (shapeshifter) (D:13)
  An unseen horror (D:12)
  A komodo dragon (D:12)
  A kobold demonologist (D:11)
  A meliai (D:15)
  2 trolls
  A meliai (shapeshifter) (D:13)
  7 slime creatures
  A shadow (D:11)
  A wraith (D:8)
  A wyvern (D:10)
  A fire elemental (D:14)
  8 vampire mosquitoes
  A steam dragon (D:6)
  Menkaure (D:7)
  3 hell hounds (D:14)
  4 orc warriors
  2 sky beasts
  A black bear (D:4)
  An ice beast (D:7)
  2 ogres
  4 centaurs
  A phantom (D:4)
  A necrophage (D:5)
  A bullfrog (D:8)
  A gnoll sergeant (D:7)
  4 scorpions
  7 wights
  21 killer bees
  An electric eel (D:13)
  7 howler monkeys
  2 centaur zombies
  6 orc priests
  A hound (D:5)
  A jelly (D:6)
  2 human zombies (Ossuary)
  2 iguanas
  6 orc wizards
  5 mummies (Ossuary)
  5 gnolls
  9 adders
  2 adder zombies (Ossuary)
  5 worms
  4 dart slugs
  25 orcs
  5 endoplasms
  5 giant cockroaches
  6 goblins
  6 hobgoblins
  11 kobolds
  4 quokkas
  7 ball pythons
  6 bats
  2 frilled lizards (D:1)
  3 goblin zombies (Ossuary)
  2 hobgoblin zombies (Ossuary)
  2 kobold zombies (Ossuary)
  A quokka zombie (Ossuary)
  6 rats
  3 rat zombies (Ossuary)
265 creatures vanquished.

Vanquished Creatures (collateral kills)
  A boulder beetle (D:13)
  A catoblepas (D:13)
  3 hydras
  A two-headed ogre (D:12)
  Nergalle (D:11)
  A wizard (D:9)
  An ugly thing (D:9)
  2 cyclopes
  An unseen horror (D:12)
  A komodo dragon (shapeshifter) (D:9)
  Psyche (D:10)
  A queen bee (D:8)
  2 trolls
  A hornet (D:9)
  4 slime creatures (D:13)
  2 wraiths
  A basilisk (D:12)
  3 vampire mosquitoes
  2 wargs (D:9)
  An acid dragon (D:9)
  2 hell hounds (D:14)
  2 orc warriors
  A kobold brigand (D:9)
  Blork the orc (D:6)
  A bullfrog (D:7)
  An elf zombie (Ossuary)
  A necrophage (D:7)
  A scorpion (D:5)
  2 wights
  6 killer bees
  A howler monkey (D:8)
  2 centaur zombies
  A jelly (D:7)
  3 orc priests
  2 hounds (D:5)
  3 orc wizards
  3 ogre zombies (Ossuary)
  2 mummies (Ossuary)
  3 gnolls (D:7)
  A white imp (D:8)
  An ufetubus (D:5)
  2 adder zombies (Ossuary)
  10 orcs
  3 kobolds (D:9)
  3 goblin zombies (Ossuary)
  2 kobold zombies (Ossuary)
  2 rat zombies (Ossuary)
93 creatures vanquished.

Vanquished Creatures (others)
  11 knights
  2 ancestors (D:6)
  A kobold (D:9)
  18 plants
32 creatures vanquished.

Grand Total: 390 creatures vanquished

Notes
Turn   | Place    | Note
-------+----------+-------------------------------------------
     0 | D:1      | IcyTea the Demonspawn Hunter began the quest for the Orb.
     0 | D:1      | Reached XP level 1. HP: 16/16 MP: 1/1
   116 | D:1      | Reached skill level 4 in Ranged Weapons
   164 | D:1      | Found a faded altar of an unknown god.
   231 | D:1      | Gained mutation: You sometimes gain a little power by
                  | taking damage. [demonic ancestry]
   231 | D:1      | Reached XP level 2. HP: 22/22 MP: 2/2
   479 | D:1      | Reached skill level 1 in Stealth
   705 | D:1      | Reached XP level 3. HP: 27/27 MP: 3/3
  1171 | D:2      | Gained mutation: You are partially covered in yellow
                  | scales. (AC +2) [demonic ancestry]
  1171 | D:2      | Reached XP level 4. HP: 24/34 MP: 4/4
  1179 | D:2      | Reached skill level 1 in Armour
  1384 | D:2      | Learned a level 2 spell: Blink
  1800 | D:3      | Gained mutation: You regenerate magic rapidly. [demonic
                  | ancestry]
  1800 | D:3      | Reached XP level 5. HP: 39/39 MP: 5/5
  1891 | D:3      | Found Hile's Distillery.
  1902 | D:3      | Bought 2 potions of curing for 72 gold pieces
  1902 | D:3      | Bought a potion of degeneration for 12 gold pieces
  2192 | D:4      | Noticed a black bear
  2200 | D:4      | Reached skill level 1 in Translocations
  2206 | D:4      | Killed a black bear
  2207 | D:4      | Reached skill level 1 in Spellcasting
  2207 | D:4      | Reached XP level 6. HP: 10/47 MP: 7/7
  2249 | D:4      | Found a hazy altar of Hepliaklqana.
  2251 | D:4      | Found a shadowy altar of Dithmenos.
  2251 | D:4      | Noticed a shadow
  2257 | D:4      | Became a worshipper of Hepliaklqana the Forgotten
  2300 | D:4      | Reached skill level 5 in Ranged Weapons
  2556 | D:4      | Found a large runed translucent door.
  2561 | D:4      | Found a large runed translucent door.
  2610 | D:4      | Found a staircase to the Ecumenical Temple.
  2622 | Temple   | Entered the Ecumenical Temple
  2839 | D:4      | Found Iriz's Distillery.
  2975 | D:4      | Reached XP level 7. HP: 31/53 MP: 8/10
  2980 | D:4      | Learned a level 4 spell: Olgreb's Toxic Radiance
  3096 | D:5      | Entered Level 5 of the Dungeon
  3162 | D:5      | Reached * piety under Hepliaklqana
  3185 | D:5      | Reached skill level 1 in Invocations
  3192 | D:5      | Reached skill level 1 in Poison Magic
  3614 | D:6      | Reached XP level 8. HP: 54/54 MP: 11/11
  3769 | D:6      | Noticed Blork the orc
  3777 | D:6      | Killed Blork the orc
  3838 | D:6      | Identified the +11 whip "Zupp" {vorpal, Dex+3}
  3899 | D:6      | Found Kaokan's Armour Boutique.
  3994 | D:6      | Reached skill level 6 in Ranged Weapons
  4065 | D:6      | Found Apha's Assorted Antiques.
  4068 | D:6      | Bought a pair of glowing boots for 247 gold pieces
  4110 | D:6      | Found a burning altar of Makhleb.
  4157 | D:6      | Noticed an Executioner
  4266 | D:6      | Noticed an angel
  4355 | D:7      | Reached ** piety under Hepliaklqana
  4356 | D:7      | Remembered your ancestor Henutemipet as a knight
  4392 | D:7      | Reached skill level 8 in Ranged Weapons
  4392 | D:7      | Reached skill level 5 in Armour
  4392 | D:7      | Reached skill level 5 in Translocations
  4392 | D:7      | Gained mutation: When hurt, damage is shared between your
                  | health and your magic reserves. [demonic ancestry]
  4392 | D:7      | Reached XP level 9. HP: 62/62 MP: 11/14
  4511 | D:7      | Noticed Menkaure
  4517 | D:7      | Killed Menkaure
  4633 | D:7      | Reached skill level 5 in Poison Magic
  4977 | D:8      | Found a sand-covered staircase.
  4982 | Ossuary  | Entered an ossuary
  4997 | Ossuary  | Gained mutation: You are mostly covered in yellow scales.
                  | (AC +3) [demonic ancestry]
  4997 | Ossuary  | Reached XP level 10. HP: 69/69 MP: 16/16
  5827 | D:9      | Reached *** piety under Hepliaklqana
  5901 | D:9      | Reached skill level 9 in Ranged Weapons
  5906 | D:9      | Found a staircase to the Lair.
  6179 | D:9      | Found a runed translucent door.
  6179 | D:9      | Found a runed translucent door.
  6179 | D:9      | Noticed a red ugly thing
  6228 | D:9      | Found a basalt altar of Yredelemnul.
  6465 | D:9      | Killed a red ugly thing
  6496 | D:9      | Noticed a centaur warrior
  6505 | D:9      | Noticed a manticore
  6507 | D:9      | Killed a centaur warrior
  6508 | D:9      | Gained mutation: You have a pair of small horns on your
                  | head. [demonic ancestry]
  6508 | D:9      | Reached XP level 11. HP: 75/75 MP: 15/17
  6555 | D:9      | Identified the ring "Ynuorghinn" {rPois rF+ Str+7 Dex-2
                  | SInv}
  6555 | D:9      | Noticed a wizard
  6559 | D:9      | Killed a wizard
  6578 | D:9      | Identified the ring "Zutreure" {Fire rCorr Str+5 Dex-4
                  | Stlth+}
  6587 | D:9      | Identified the ring of Voixis {Fire Str+3 Dex+3}
  6587 | D:9      | Noticed a wizard
  6590 | D:9      | Killed a wizard
  6604 | D:9      | Reached skill level 10 in Ranged Weapons
  6619 | D:9      | Identified the ring of Reantiteho {*Slow Fly Int+6 Stlth+}
  6744 | D:10     | Entered Level 10 of the Dungeon
  6772 | D:10     | Noticed Fannar
  6806 | D:10     | Killed Fannar
  6807 | D:10     | Reached skill level 5 in Spellcasting
  7004 | D:10     | Found Xuhuc's Assorted Antiques.
  7008 | D:10     | Noticed Psyche
  7025 | D:10     | Killed Psyche
  7132 | D:10     | Reached **** piety under Hepliaklqana
  7235 | D:10     | Gained mutation: Your flesh is cold resistant. (rC+)
                  | [potion of mutation]
  7236 | D:10     | Lost mutation: Your flesh is cold resistant. (rC+) [potion
                  | of mutation]
  7236 | D:10     | Gained mutation: Armour fits poorly on your strangely
                  | shaped body. [potion of mutation]
  7236 | D:10     | Gained mutation: You are agile. (Dex +4, Str/Int -1)
                  | [potion of mutation]
  7237 | D:10     | Lost mutation: You are agile. (Dex +4, Str/Int -1) [potion
                  | of mutation]
  7237 | D:10     | Lost mutation: Armour fits poorly on your strangely shaped
                  | body. [potion of mutation]
  7237 | D:10     | Gained mutation: Your body sometimes deteriorates upon
                  | taking damage. [potion of mutation]
  7237 | D:10     | Gained mutation: Your system is resistant to poisons.
                  | (rPois) [potion of mutation]
  7238 | D:10     | Lost mutation: Your system is resistant to poisons. (rPois)
                  | [potion of mutation]
  7238 | D:10     | Lost mutation: Your body sometimes deteriorates upon taking
                  | damage. [potion of mutation]
  7238 | D:10     | Gained mutation: Your system is resistant to poisons.
                  | (rPois) [potion of mutation]
  7238 | D:10     | Gained mutation: Your body sometimes deteriorates upon
                  | taking damage. [potion of mutation]
  7512 | D:10     | Bought a scroll of identify for 48 gold pieces
  7742 | D:11     | Found a staircase to the Orcish Mines.
  7849 | D:11     | Noticed Nergalle
  7873 | D:11     | Killed Nergalle
  8006 | D:11     | Noticed a four-headed hydra
  8013 | D:11     | Killed a four-headed hydra
  8238 | D:11     | Reached skill level 11 in Ranged Weapons
  8397 | D:12     | Noticed a boulder beetle
  8418 | D:12     | Killed a boulder beetle
  8419 | D:12     | Gained mutation: When low on magic, you restore magic in
                  | place of health. [demonic ancestry]
  8419 | D:12     | Reached XP level 12. HP: 65/83 MP: 20/20
  8636 | D:12     | Reached ***** piety under Hepliaklqana
  8694 | D:12     | Noticed an eight-headed hydra
  8694 | D:12     | Noticed a tengu warrior
  8726 | D:12     | Noticed a four-headed hydra
  8750 | D:12     | Killed an eight-headed hydra
  8755 | D:12     | Killed a tengu warrior
  8761 | D:12     | Killed a four-headed hydra
  8821 | D:12     | Identified the +1 chain mail "Tuddir" {rElec rPois Dex+3}
  8834 | D:12     | Noticed a two-headed ogre
  8842 | D:12     | Killed a two-headed ogre
  8958 | D:12     | Noticed a two-headed ogre
  8962 | D:12     | Killed a two-headed ogre
  8966 | D:12     | Reached skill level 12 in Ranged Weapons
  9247 | D:13     | Noticed a boulder beetle
  9262 | D:13     | Killed a boulder beetle
  9283 | D:13     | Found a portal to a secret trove of treasure.
  9348 | D:13     | Noticed a two-headed ogre
  9356 | D:13     | Killed a two-headed ogre
  9364 | D:13     | Identified the +8 great sword "Nacul Tem" {venom, rC+}
  9587 | D:13     | Found a gate to the Vaults.
  9587 | D:13     | Noticed an ironbound preserver
  9587 | D:13     | Noticed a catoblepas
  9662 | D:13     | Killed a catoblepas
  9663 | D:13     | Reached XP level 13. HP: 88/88 MP: 21/21
  9664 | D:13     | Killed an ironbound preserver
  9902 | D:14     | Reached skill level 13 in Ranged Weapons
  9924 | D:14     | Noticed Azrael
  9967 | D:15     | Entered Level 15 of the Dungeon
 10064 | D:15     | Found a hazy altar of Hepliaklqana.
 10161 | D:15     | Slain by a two-headed ogre

Illustrated notes

Levels and vault maps discovered:
D:1:      ncdulo_smallfort, layout_loops_ring, ebering_ecumenical_altar_hall,
          grunt_decor_fettered, minmay_misc_feat_chi, minmay_cupped
D:2:      layout_rooms, lightli_corner_chamber
D:3:      layout_rooms, serial_shops, shop_fountains, minmay_between
D:4:      layout_loops_ring, riverfiend_overflow_shadow_ancestor,
          jmf_multi_god_temple2, minmay_temple_entry_proselytizer, serial_shops,
          shop
D:5:      layout_rooms, wad_floor_pattern_1
D:6:      layout_gridville, grunt_temple_overflow_order_and_chaos_2,
          serial_shops, nicolae_shop_behind_doors,
          hangedman_abyss_or_decor_passed, nicolae_hexahallways,
          minmay_misc_feat_encased, nicolae_stop_n_shop_2, uniq_blork_the_orc
D:7:      layout_loops_cross, uniq_menkaure
D:8:      layout_rooms, enter_ossuary_2, nicolae_looking_at_the_future
D:9:      minmay_the_grid_triangle_9x9_recursive_2
          [minmay_the_grid_triangle_9x9_prize_special,
          minmay_the_grid_triangle_9x9_limited_checkers,
          minmay_the_grid_triangle_9x9_skeleton,
          minmay_the_grid_triangle_9x9_tough_junction], layout_irregular_city,
          lemuel_zombie_altar_yredelemnul, erik_lair_orcish_takeover
D:10:     layout_roguey, serial_shops, nicolae_inconvenience_store, uniq_psyche,
          uniq_fannar
D:11:     layout_cave_pools, david_orc_1_choice, serial_column_ruins,
          column_ruins_hut_pillars, column_ruins_grid_1,
          column_ruins_open_large, column_ruins_columns_straight,
          column_ruins_columns_dead_end, column_ruins_open_tiny, uniq_nergalle
D:12:     layout_stronghold, minmay_mirror_moons_of_madness
D:13:     layout_big_octagon, skrybe_vaults_entry_preservation,
          nicolae_trove_entry_free_sample
D:14:     layout_loops_cross, corexii_leaking_fountain, tgw_xom, uniq_azrael
D:15:     grunt_enter_depths_magical_seal, layout_long_grid,
          hellmonk_bongcloud_opening, nicolae_hepliaklqana_hazy_memory
Temple:   regret_index_temple_generic_petals

Skill      XL: |  1  2  3  4  5  6  7  8  9 10 11 12 13 |
---------------+----------------------------------------+-----
Ranged Weapons | 4 5 8 9 11 12 13 | 13.7
Stealth        | 1 2 |  2.0
Dodging        | 2 |  2.0
Armour         | 1 2 3 5 6 7 8 9 |  9.0
Translocations | 1 2 3 5 |  5.0
Fighting       | 3 4 6 7 8 9 |  9.1
Spellcasting   | 1 2 3 4 5 |  5.3
Invocations    | 2 6 7 8 |  8.1
Poison Magic   | 1 4 5 6 8 9 |  9.0
Long Blades    | 3 |  3.2

Action                   |  1- 3 |  4- 6 |  7- 9 | 10-12 | 13-15 || total
-------------------------+-------+-------+-------+-------+-------++-------
Melee: Rapier            |       |    10 |       |       |       ||    10
       Great sword       |       |       |       |     4 |       ||     4
       Headbutt          |       |       |       |     1 |       ||     1
 Fire: Shortbow          |    79 |   130 |   152 |   653 |   101 ||  1115
Throw: Dart              |       |       |       |     3 |       ||     3
 Cast: Olgreb's Toxic Ra |       |       |       |     7 |     7 ||    14
Invok: Ancestor Identity |       |       |     1 |       |       ||     1
       Ancestor Life: Kn |       |       |     1 |       |       ||     1
       Idealise          |       |       |       |     2 |       ||     2
       Recall Ancestor   |       |       |       |     1 |     2 ||     3
  Use: Scroll            |       |     7 |     7 |    17 |     4 ||    35
       Potion            |       |     1 |     1 |     4 |     2 ||     8
 Stab: Petrified         |       |       |       |     4 |       ||     4
Armor: Leather armour    |    10 |       |       |       |       ||    10
       Ring mail         |       |    46 |    14 |       |       ||    60
       Steam dragon scal |       |       |     7 |    46 |       ||    53
       Troll leather arm |       |       |       |   129 |    28 ||   157
       Skin              |       |       |       |     1 |       ||     1
Dodge: Dodged            |    15 |    29 |    35 |   158 |    46 ||   283
